 Dungeon Crawl Stone Soup version 0.20.1-1-g8b1a95d66d (webtiles) character file.

4241 NullDivider the Covert (level 10, -4/68 HPs)
             Began as an Octopode Artificer on Nov 24, 2017.
             Was an Initiate of Nemelex Xobeh.
             Killed by the air
             ... invoked by Gastronok
              (21 damage)
             ... on level 9 of the Dungeon.
             The game lasted 01:05:00 (11540 turns).

NullDivider the Covert (Octopode Artificer)        Turns: 11540, Time: 01:05:00

Health: -4/68      AC:  1    Str: 15    XL:     10   Next: 30%
Magic:  0/15       EV: 20    Int: 12    God:    Nemelex Xobeh [......]
Gold:   255        SH:  0    Dex: 25    Spells: 9/9 levels left

rFire    . . .     SeeInvis .   g - +0 rapier of Past Mistakes {pierce, Str+4 Int-2 Dex+5}
rCold    . . .     Gourm    .   (no shield)
rNeg     . . .     Faith    .   (helmet restricted)
rPois    .         Spirit   +   q - amulet of guardian spirit
rElec    .         Reflect  .   m - ring of wizardry
rCorr    .         Harm     .   E - ring "Wosmisor" {*Tele Dex+4}
MR       +....     Rnd*Tele +   K - ring of protection from magic
Stlth    ++++++....             (no ring)
Regen    0.3/turn               (no ring)
MPRegen  0.2/turn               (no ring)
                                (no ring)
                                (no ring)

@: no status effects
A: almost no armour, stealthy swim, amphibious, 8 rings, constrict 8, tentacle
spike 1, camouflage 1, gelatinous body 1
a: Renounce Religion


You were on level 9 of the Dungeon.
You worshipped Nemelex Xobeh.
Nemelex Xobeh was noncommittal.
You were not hungry.

You visited 2 branches of the dungeon, and saw 10 of its levels.

You collected 462 gold pieces.
You spent 207 gold pieces at shops.

Inventory:

Hand Weapons
 g - the +0 rapier of Past Mistakes (weapon) {pierce, Str+4 Int-2 Dex+5}
   (You took it off an orc on level 8 of the Dungeon)

   It inflicts extra damage upon your enemies.
   It affects your strength (+4).
   It affects your intelligence (-2).
   It affects your dexterity (+5).
 A - a +0 dagger of speed
 Q - a +4 dagger
Jewellery
 l - an uncursed amulet of faith
 m - a ring of wizardry (left tentacle)
 q - an amulet of guardian spirit (around mantle)
 E - the ring "Wosmisor" (right tentacle) {*Tele Dex+4}
   (You found it on level 6 of the Dungeon)

   [ring of teleportation]

   It may teleport you next to monsters.
   It affects your dexterity (+4).
 K - a ring of protection from magic (on tentacle)
Wands
 b - a wand of flame (8/48)
 c - a wand of enslavement (0/24)
 d - a wand of random effects (14/48)
Scrolls
 a - 5 scrolls of remove curse
 e - 3 scrolls of recharging
 j - 2 scrolls of identify
 k - 3 scrolls of fear
 o - 3 scrolls of enchant armour
 r - a scroll of magic mapping
 t - a scroll of fog
 u - 2 scrolls of noise
 v - 2 scrolls of immolation
 w - a scroll of teleportation
 D - a scroll of blinking
 G - a scroll of torment
 I - a scroll of amnesia {unknown}
 O - a scroll of enchant weapon
Potions
 h - a potion of brilliance {unknown}
 i - 4 potions of flight {unknown}
 n - 4 potions of heal wounds
 p - a potion of mutation {unknown}
 x - a potion of haste {unknown}
 z - a potion of degeneration {unknown}
 B - a potion of agility
 C - a potion of invisibility {unknown}
 H - a potion of magic {unknown}
 J - a potion of lignification {unknown}
 M - 2 potions of resistance {unknown}
 N - a potion of berserk rage {unknown}
 R - a potion of curing
Books
 y - a book of Misfortune

   Spells                             Type                      Level
   a - Confusing Touch                Hexes                        1
   b - Confuse                        Hexes                        3
   c - Gell's Gravitas                Translocation                3
   d - Petrify                        Transmutation/Earth          4
   e - Metabolic Englaciation         Hexes/Ice                    5
   f - Yara's Violent Unravelling     Hexes/Transmutation          5
 F - a book of Flames

   Spells                             Type                      Level
   a - Flame Tongue                   Conjuration/Fire             1
   b - Throw Flame                    Conjuration/Fire             2
   c - Conjure Flame                  Conjuration/Fire             3
   d - Inner Flame                    Hexes/Fire                   3
   e - Sticky Flame                   Conjuration/Fire             4
   f - Fireball                       Conjuration/Fire             5
Miscellaneous
 S - a plain deck of escape
Comestibles
 f - 7 bread rations
 s - 3 meat rations
 L - a royal jelly


   Skills:
 + Level 6.2 Fighting
 + Level 6.6 Short Blades
 + Level 6.8 Dodging
 + Level 10.3 Stealth
 + Level 7.5 Evocations


You had 9 spell levels left.
You didn't know any spells.

Dungeon Overview and Level Annotations

Branches:
Dungeon (9/15)             Temple (1/1) D:6            Lair (0/6) D:8
    Orc: D:9-12

Altars:
Ashenzari
Cheibriados
Dithmenos
Elyvilon
Fedhas
Gozag
Hepliaklqana
Kikubaaqudgha
Makhleb
Nemelex Xobeh
Okawaru
Qazlal
Ru
Sif Muna
Trog
Uskayaw
Vehumet
Xom
Yredelemnul
Zin
The Shining One

Shops:
D:4 }   D:7 (([[   D:8 *!?

Annotations:
D:9 Gastronok


Innate Abilities, Weirdness & Mutations

You cannot wear most types of armour.
You are very stealthy in the water. (Stealth+)
You are amphibious.
You can wear up to eight rings at the same time.
You can use your tentacles to constrict eight enemies at once.
Your skin changes colour to match your surroundings (Stealth+).
Your rubbery body absorbs attacks. (AC +1, EV +1)
One of your tentacles bears a spike.


Message History

Your surroundings suddenly seem different.
You start resting.
You now have 255 gold pieces (gained 12).
You start resting.
All of the chunks of flesh in your inventory have rotted away.
Evoke which item? (* to show all) (? for menu, Esc to quit)
Aiming: Enslavement
Press: ? - help, Shift-Dir - straight line, f/p - troll
Aim: a troll (chance to defeat MR: 67%)
The troll is charmed.
Gastronok gurgles horribly!
This wand has 0 charges left.
Gastronok waves his eye-stalks in wide circles.
The air twists around and strikes you!
* * * LOW HITPOINT WARNING * * *
You swap places.
Gastronok waves his eye-stalks in wide circles.
The air twists around and strikes you!
You die...
Your body disappears without a glow.

.##.##^.............#.#
.....########..####w..#####
.........# ###.###........#
.........###.._..#........#
.............#.#..........#
.........#####...#....)...#
.......w.# ########.#####
(........############w##
.....#..........@T.....#
....###############...(#
.... ##...# ###. #...#
#####


You could see Gastronok and a friendly troll.

Vanquished Creatures
  A two-headed ogre (D:9)
  The ghost of NullDivider the Covert, a novice OpAr of Nemelex Xobeh (D:7)
  An orc warrior (D:8)
  A hungry ghost (D:7)
  Duvessa (D:5)
  An ice beast (D:7)
  A sky beast (D:8)
  A necrophage (D:7)
  A phantom (D:7)
  5 centaurs
  The ghost of NullDivider the Sneak, an amateur OpAr (D:3)
  3 big kobolds (D:6)
  A bullfrog (D:8)
  A wyvern skeleton (D:7)
  Dowan (D:6)
  4 scorpions
  3 killer bees (D:8)
  2 crimson imps
  2 jellies
  A centaur zombie (D:5)
  5 hounds
  2 bullfrog skeletons
  6 orc priests
  4 orc wizards
  3 centaur skeletons
  6 worker ants
  An iguana (D:9)
  A hound zombie (D:8)
  3 hound skeletons
  2 worker ant zombies
  8 gnolls
  11 adders
  2 shadow imps
  2 oozes
  An adder skeleton (D:4)
  4 worms
  A leopard gecko (D:8)
  27 orcs
  3 ball pythons
  9 bats
  16 giant cockroaches
  10 goblins
  5 hobgoblins
  10 jackals
  16 kobolds
  6 frilled lizards
  A jackal skeleton (D:4)
  8 rats
  A spectral orc (D:4)
207 creatures vanquished.

Vanquished Creatures (collateral kills)
  A hippogriff (D:8)
  A bullfrog skeleton (D:5)
  A worker ant (D:5)
  A shadow imp (D:5)
  2 orcs (D:8)
6 creatures vanquished.

Vanquished Creatures (others)
  Erica (D:9)
  A sky beast (D:5)
  A jelly (D:7)
  An orc priest (D:5)
  A gnoll (D:9)
5 creatures vanquished.

Grand Total: 218 creatures vanquished

Notes
Turn   | Place    | Note
-------+----------+-------------------------------------------
     0 | D:1      | NullDivider the Octopode Artificer began the quest for the Orb.
     0 | D:1      | Reached XP level 1. HP: 13/13 MP: 3/3
   379 | D:1      | Reached skill level 2 in Stealth
   379 | D:1      | Reached XP level 2. HP: 18/18 MP: 4/4
  1098 | D:2      | Reached XP level 3. HP: 15/23 MP: 5/5
  1547 | D:2      | Reached skill level 3 in Stealth
  2255 | D:2      | Reached XP level 4. HP: 29/29 MP: 6/6
  2409 | D:2      | Reached skill level 4 in Stealth
  2996 | D:3      | Noticed NullDivider's ghost (amateur OpAr)
  3081 | D:3      | Killed NullDivider's ghost
  3081 | D:3      | Reached XP level 5. HP: 29/34 MP: 5/7
  3166 | D:3      | Reached skill level 5 in Stealth
  3195 | D:3      | Reached XP level 6. HP: 19/39 MP: 5/9
  3964 | D:3      | Found a glowing silver altar of Zin.
  4460 | D:4      | Reached XP level 7. HP: 7/45 MP: 3/10
  4856 | D:4      | Found a basalt altar of Yredelemnul.
  4950 | D:4      | Found Efysoch's Gadget Shoppe.
  5226 | D:4      | Found a hazy altar of Hepliaklqana.
  5238 | D:4      | Reached skill level 6 in Stealth
  5369 | D:5      | Entered Level 5 of the Dungeon
  5431 | D:5      | Found a radiant altar of Vehumet.
  6007 | D:5      | Reached XP level 8. HP: 52/52 MP: 11/11
  6080 | D:5      | Found a shattered altar of Ashenzari.
  6118 | D:5      | Reached skill level 5 in Evocations
  6842 | D:6      | Found an iron altar of Okawaru.
  6866 | D:6      | Reached skill level 7 in Stealth
  6882 | D:6      | Noticed Duvessa
  7017 | D:6      | Noticed Dowan
  7029 | D:6      | Killed Dowan
  7065 | D:5      | Killed Duvessa
  7111 | D:6      | Got a warped copper ring
  7112 | D:6      | Identified the ring "Wosmisor" {*Tele Dex+4} (You found it on level 6 of the Dungeon)
  7121 | D:6      | Found an ancient bone altar of Kikubaaqudgha.
  7674 | D:6      | Found a staircase to the Ecumenical Temple.
  7781 | D:6      | Reached skill level 5 in Dodging
  7892 | Temple   | Entered the Ecumenical Temple
  8542 | D:7      | Reached skill level 8 in Stealth
  8707 | D:7      | Found Maucoist's Armour Emporium.
  8749 | D:7      | Reached XP level 9. HP: 59/59 MP: 13/13
  8808 | D:7      | Found a stormy altar of Qazlal.
  8822 | D:7      | Reached skill level 5 in Short Blades
  8833 | D:7      | Found Cacah's Weapon Emporium.
  8902 | D:7      | Found Kudd's Weapon Shop.
  9362 | D:7      | Noticed NullDivider's ghost (novice OpAr)
  9421 | D:7      | Killed NullDivider's ghost
  9421 | D:7      | Reached skill level 5 in Fighting
  9545 | D:7      | Reached skill level 9 in Stealth
  9635 | D:7      | Found Adwin's Antique Armour Shoppe.
 10004 | D:8      | Gained mutation: You are dopey. (Int -2) [mutagenic meat]
 10005 | D:8      | Gained mutation: One of your tentacles bears a spike. [mutagenic meat]
 10006 | D:8      | Lost mutation: You are dopey. (Int -2) [mutagenic meat]
 10247 | D:8      | Found a staircase to the Lair.
 10353 | D:8      | Found Soxtomem's Assorted Antiques.
 10356 | D:8      | Bought a granite ring for 110 gold pieces
 10366 | D:8      | Found Umniteuble's Distillery.
 10405 | D:8      | Found Less's Magic Scroll Shop.
 10412 | D:8      | Bought a scroll of enchant weapon for 97 gold pieces
 10563 | D:8      | Got a translucent rapier {pierce}
 10910 | D:8      | Reached XP level 10. HP: 59/68 MP: 12/15
 11051 | D:8      | Identified the cursed +0 rapier of Past Mistakes {pierce, Str+4 Int-2 Dex+5} (You took it off an orc on level 8 of the Dungeon)
 11105 | D:9      | Reached skill level 10 in Stealth
 11199 | D:9      | Found a sparkling altar of Nemelex Xobeh.
 11205 | D:9      | Noticed a two-headed ogre
 11211 | D:9      | Killed a two-headed ogre
 11227 | D:9      | Became a worshipper of Nemelex Xobeh the Trickster
 11252 | D:9      | Noticed Gastronok
 11455 | D:9      | Received a gift from Nemelex Xobeh
 11457 | D:9      | Noticed Erica
 11481 | D:9      | Your ally died
 11540 | D:9      | Killed from afar by Gastronok

Skill      XL: |  1  2  3  4  5  6  7  8  9 10 |
---------------+-------------------------------+-----
Stealth        | 2 3 4 5 6 8 9 10 | 10.3
Short Blades   | 2 3 4 6 |  6.6
Fighting       | 2 3 4 5 6 |  6.2
Evocations     | 4 5 7 |  7.5
Dodging        | 3 4 5 6 |  6.8

Action                   |  1- 3 |  4- 6 |  7- 9 | 10-12 || total
-------------------------+-------+-------+-------+-------++-------
Melee: Short sword       |    19 |       |       |       ||    19
       Constrict         |    23 |    30 |    74 |    11 ||   138
       Tentacles         |    17 |    26 |    98 |    13 ||   154
       Dagger            |    70 |   122 |   429 |    11 ||   632
       Kick              |       |       |    42 |    20 ||    62
       Rapier            |       |       |       |    26 ||    26
Evoke: Wand              |       |     9 |    29 |     4 ||    42
  Use: Scroll            |       |     3 |    11 |     2 ||    16
       Potion            |       |       |     3 |       ||     3
 Stab: Sleeping          |     8 |     8 |    16 |     7 ||    39
       Distracted        |       |     1 |     2 |       ||     3
  Eat: Chunk             |     4 |     7 |    20 |     2 ||    33
       Royal jelly       |       |       |     1 |       ||     1
       Fruit             |       |       |     1 |       ||     1
Armor: Skin              |    11 |     2 |     9 |       ||    22
Dodge: Dodged            |    44 |    67 |   224 |    19 ||   354
